 Dungeon Crawl Stone Soup version 0.18.1-8-gdd0e5ea (webtiles) character file.

364 mistymad the Shield-Bearer (level 6, 0/39 HPs)
             Began as a Gargoyle Fighter on May 21, 2016.
             Slain by a slave (3 damage)
             ... led by Pikel
             ... on level 4 of the Dungeon.
             The game lasted 00:04:47 (2577 turns).

mistymad the Shield-Bearer (Gargoyle Fighter)       Turns: 2577, Time: 00:04:48

Health: 0/39       AC: 12    Str: 20    XL:     6   Next: 67%
Magic:  6/6        EV:  3    Int:  8    God:
Gold:   120        SH:  9    Dex: 11    Spells: 0 memorised, 5 levels left

rFire  . . .     SeeInvis .     a - +0 flail
rCold  . . .     Gourm    .     b - +0 scale mail
rNeg   + . .     Faith    .     c - +0 shield
rPois  ∞         Spirit   .     (no helmet)
rElec  +         Dismiss  .     v - +0 cloak
rCorr  .         Reflect  .     (no gloves)
SustAt .         Harm     .     (no boots)
MR     .....     Rnd*Tele +     (no amulet)
Stlth  ..........               (no ring)
                                l - ring of teleportation (curse)

@: not resistant to hostile enchantments, extremely unstealthy
A: negative energy resistance 1, electricity resistance, unbreathing,
petrification resistance, rot immunity, AC +4
a: no special abilities


You were on level 4 of the Dungeon.
You were not hungry.

You visited 2 branches of the dungeon, and saw 5 of its levels.

You collected 120 gold pieces.

Inventory:

Hand Weapons
 a - a +0 flail (weapon)
Armour
 b - a +0 scale mail (worn)
 c - a +0 shield (worn)
 v - a +0 cloak (worn)
Jewellery
 l - a cursed ring of teleportation (left hand)
 u - an uncursed ring of see invisible {unknown}
Wands
 q - a wand of lightning (3/15)
Scrolls
 h - 3 scrolls of identify {unknown}
 m - a scroll of remove curse {unknown}
 o - a scroll of magic mapping {unknown}
 r - a scroll of enchant armour {unknown}
Potions
 d - a potion of might
 e - a potion of degeneration {unknown}
 g - a potion of cancellation {unknown}
 i - 3 potions of curing {unknown}
 k - 3 potions of berserk rage
 n - a potion of agility
 p - a potion of invisibility {unknown}
 s - a potion of heal wounds {unknown}
Comestibles
 f - 4 bread rations
 j - 4 meat rations
 t - a chunk of flesh


   Skills:
 + Level 4.5 Fighting
 + Level 3.4 Maces & Flails
 + Level 4.5 Armour
 + Level 1.9 Dodging
 + Level 4.9 Shields


You had 5 spell levels left.
You didn't know any spells.

Dungeon Overview and Level Annotations

Branches:
Dungeon (4/15)             Temple (1/1) D:4

Altars:
Ashenzari
Cheibriados
Dithmenos
Fedhas
Gozag
Kikubaaqudgha
Nemelex Xobeh
Pakellas
Qazlal
Ru
Sif Muna
Yredelemnul
Zin
The Shining One

Annotations:
D:4 Pikel


Innate Abilities, Weirdness & Mutations

You are resistant to torment.
Your stone body is resilient (AC +4).
You are immune to poison.
You resist negative energy.
You are resistant to electric shocks.
You can survive without breathing.
You are immune to petrification.
You are immune to rotting.


Message History

The slave completely misses you. Pikel hits you but does no damage.
You barely miss Pikel. You block the slave's attack.
The slave barely misses you. The slave hits you. You block Pikel's attack.
You barely miss Pikel. The slave hits you but does no damage.
You block the slave's attack. The slave hits you. You block Pikel's attack.
The slave hits you.
* * * LOW HITPOINT WARNING * * *
The slave hits you.
* * * LOW HITPOINT WARNING * * *
You thump Pikel!
Pikel is moderately wounded.
The slave hits you but does no damage. Pikel barely misses you.
The slave hits you.
* * * LOW HITPOINT WARNING * * *
The slave hits you but does no damage. You block the slave's attack.
Pikel hits you but does no damage. You block the slave's attack.
There is an escape hatch in the ceiling here.
The slave hits you.
You die...

.......................#
##......### #......!...#
........## #..........#
.........####.........>#
###.8.#..............(.#
#......######.>........#
#.8.>.8### #...K...?..##
<........####..ppp[......
###.8.##...$#...@.......#
######.##..............
#..##.............
##>...........##>.
#..##...=....# .
#.###........# ###
##########


You could see Pikel and 3 slaves.

Vanquished Creatures
  A slave (D:4)
  A phantom (D:4)
  An ogre (D:3)
  Crazy Yiuf (D:3)
  Ijyb (D:3)
  Terence (D:3)
  3 adders (D:2)
  2 oozes
  2 worms (D:2)
  4 giant geckos
  2 orcs (D:3)
  11 bats
  4 giant cockroaches
  11 goblins
  5 hobgoblins
  2 jackals (D:3)
  A quokka (D:4)
  2 ball pythons
  2 giant newts
  7 kobolds
  8 rats
  A bush (D:3)
  A fungus (D:3)
74 creatures vanquished.

Notes
Turn   | Place    | Note
--------------------------------------------------------------
     0 | D:1      | mistymad the Gargoyle Fighter began the quest for the Orb.
     0 | D:1      | Reached XP level 1. HP: 14/14 MP: 1/1
   139 | D:1      | Reached XP level 2. HP: 18/19 MP: 2/2
   377 | D:1      | Reached XP level 3. HP: 22/23 MP: 3/3
   754 | D:2      | Found a stormy altar of Qazlal.
   888 | D:2      | Reached XP level 4. HP: 26/28 MP: 4/4
  1154 | D:2      | Reached skill level 1 in Dodging
  1419 | D:3      | Noticed Terence
  1435 | D:3      | Killed Terence
  1435 | D:3      | Reached XP level 5. HP: 33/33 MP: 5/5
  1521 | D:3      | Found a basalt altar of Yredelemnul.
  1639 | D:3      | Noticed an ogre
  1644 | D:3      | Killed an ogre
  1701 | D:3      | Noticed Ijyb
  1721 | D:3      | Killed Ijyb
  1721 | D:3      | Reached XP level 6. HP: 36/39 MP: 6/6
  2052 | D:3      | Noticed Crazy Yiuf
  2061 | D:3      | Killed Crazy Yiuf
  2197 | D:4      | Found a staircase to the Ecumenical Temple.
  2202 | D:4      | Noticed a phantom
  2204 | Temple   | Entered the Ecumenical Temple
  2381 | D:4      | Killed a phantom
  2558 | D:4      | Noticed a slave
  2559 | D:4      | Noticed Pikel
  2559 | D:4      | Noticed a slave
  2560 | D:4      | Noticed a slave
  2561 | D:4      | Noticed a slave
  2568 | D:4      | Killed a slave
  2577 | D:4      | Slain by a slave

Skill      XL: |  1  2  3  4  5 |
---------------+----------------+-----
Dodging        | 1 |  1.9
Shields        | 4 |  4.9
Armour         | 4 |  4.5
Fighting       | 4 |  4.5
Maces & Flails | 3 |  3.4

Action                   |  1- 3 |  4- 6 || total
-------------------------+-------+-------++-------
Melee: Flail             |   163 |   216 ||   379
  Eat: Chunk             |       |     6 ||     6
Armor: Scale mail        |   108 |    95 ||   203
Dodge: Dodged            |    69 |    52 ||   121
Block: Shield            |   104 |   104 ||   208
